3L
ECHO PARK LAKERS @ HOUSTON 1837 BBC
07/02/2038
 
TOP OF THE 1ST
Echo Park Lakers batting - Pitching for Houston 1837 BBC : RHP Júlio Gutiérrez
Pitching: RHP Júlio Gutiérrez
Batting: LHB Wu-shun Chu 0-0: Called Strike
0-1: Ball
1-1: Ground out 6-3 (Groundball, 6M, EV 75.6 MPH)
Batting: RHB Kyu-cheol Kye 0-0: Called Strike
0-1: Ball
1-1: Ball
2-1: Called Strike
2-2: Strikes out swinging
Batting: LHB Tomás Muinos 0-0: Called Strike
0-1: Foul Ball, location: 2F
0-2: Strikes out swinging
Top of the 1st over - 0 runs, 0 hits, 0 errors, 0 left on base; Echo Park 0 - Houston 0
BOTTOM OF THE 1ST
Houston 1837 BBC batting - Pitching for Echo Park Lakers : RHP Nolan Howard
Pitching: RHP Nolan Howard
Batting: RHB Krystof Melichar 0-0: Ball
1-0: Ground out 6-3 (Groundball, 6, EV 88.1 MPH)
Batting: LHB Connor Petty 0-0: Reached on error, E5 (Groundball, 56S, EV 66.9 MPH)
Batting: RHB Joey Trifone 0-0: Called Strike
0-1: Ball
1-1: DOUBLE (Line Drive, 7LS, EV 94.4 MPH)
Connor Petty scores
Batting: LHB Javier Seco 0-0: Ball
1-0: Swinging Strike
1-1: Swinging Strike
1-2: Ball
2-2: Strikes out swinging
Batting: RHB Phil Sherman 0-0: Called Strike
0-1: Ball
1-1: SINGLE (Groundball, 3D, EV 111.9 MPH)
Joey Trifone to third
Runner from 3rd tries for Home, SAFE, throw by RF to home
Batting: LHB Bill Dixon 0-0: Foul Ball, location: 2F
0-1: Foul Ball, location: 2F
0-2: Strikes out swinging
Bottom of the 1st over - 2 runs, 2 hits, 1 error, 1 left on base; Echo Park 0 - Houston 2
TOP OF THE 2ND
Echo Park Lakers batting - Pitching for Houston 1837 BBC : RHP Júlio Gutiérrez
Batting: RHB Komotay Koffie 0-0: Ball
1-0: Foul Ball, location: 2F
1-1: Ball
2-1: Ball
3-1: Ground out 5-3 (Groundball, 5, EV 85.0 MPH)
Batting: LHB Rich Watkins 0-0: Called Strike
0-1: Called Strike
0-2: Ball
1-2: Strikes out swinging
Batting: RHB Ryoma Yamamoto 0-0: Fly out, F9 (Line Drive, 9D, EV 86.9 MPH)
Top of the 2nd over - 0 runs, 0 hits, 0 errors, 0 left on base; Echo Park 0 - Houston 2
BOTTOM OF THE 2ND
Houston 1837 BBC batting - Pitching for Echo Park Lakers : RHP Nolan Howard
Batting: LHB Seung-soo Ch'ae 0-0: SINGLE (Line Drive, 78M, EV 91.2 MPH)
Batting: SHB José Pinto 0-0: Ball
1-0: Called Strike
1-1: Ball
2-1: Called Strike
2-2: Strikes out looking
Batting: LHB Ken Gill 0-0: Ball
Seung-soo Ch'ae is caught stealing 2nd base 2-6
1-0: Ball
2-0: Called Strike
2-1: Foul Ball, location: 2F
2-2: Foul Ball, location: 2F
2-2: Ground out 6-3 (Groundball, 6, EV 107.5 MPH)
Bottom of the 2nd over - 0 runs, 1 hit, 0 errors, 0 left on base; Echo Park 0 - Houston 2
TOP OF THE 3RD
Echo Park Lakers batting - Pitching for Houston 1837 BBC : RHP Júlio Gutiérrez
Batting: RHB Phil Gillespie 0-0: Foul Ball, location: 2F
0-1: Foul Ball, location: 2F
0-2: Strikes out swinging
Batting: RHB Carlos Hernández 0-0: Ball
1-0: Ball
2-0: Called Strike
2-1: Fly out, F9 (Line Drive, 9D, EV 91.9 MPH)
Batting: LHB Abraham Koen 0-0: Ball
1-0: Ground out 4-3 (Groundball, 4, EV 90.6 MPH)
Top of the 3rd over - 0 runs, 0 hits, 0 errors, 0 left on base; Echo Park 0 - Houston 2
BOTTOM OF THE 3RD
Houston 1837 BBC batting - Pitching for Echo Park Lakers : RHP Nolan Howard
Batting: RHB Krystof Melichar 0-0: Fly out, F7 (Flyball, 7S, EV 85.6 MPH)
Batting: LHB Connor Petty 0-0: Foul Ball, location: 2F
0-1: Swinging Strike
0-2: Strikes out swinging
Batting: RHB Joey Trifone 0-0: Fly out, F9 (Flyball, 9, EV 92.5 MPH)
Bottom of the 3rd over - 0 runs, 0 hits, 0 errors, 0 left on base; Echo Park 0 - Houston 2
TOP OF THE 4TH
Echo Park Lakers batting - Pitching for Houston 1837 BBC : RHP Júlio Gutiérrez
Batting: LHB Wu-shun Chu 0-0: Ground out U3 (Groundball, 3, EV 80.6 MPH)
Batting: RHB Kyu-cheol Kye 0-0: Ball
1-0: Ground out 6-3 (Groundball, 6, EV 81.9 MPH)
Batting: LHB Tomás Muinos 0-0: Ground out 5-3 (Groundball, 56, EV 81.9 MPH)
Top of the 4th over - 0 runs, 0 hits, 0 errors, 0 left on base; Echo Park 0 - Houston 2
BOTTOM OF THE 4TH
Houston 1837 BBC batting - Pitching for Echo Park Lakers : RHP Nolan Howard
Batting: LHB Javier Seco 0-0: Called Strike
0-1: Ball
1-1: Ball
2-1: Fly out, F8 (Flyball, 8RXD, EV 102.5 MPH)
Batting: RHB Phil Sherman 0-0: Foul Ball, location: 2F
0-1: Swinging Strike
0-2: Strikes out swinging
Batting: LHB Bill Dixon 0-0: DOUBLE (Line Drive, 78XD, EV 102.5 MPH)
Batting: LHB Seung-soo Ch'ae 0-0: Ball
1-0: Fly out, F6 (Line Drive, 6, EV 65.6 MPH)
Bottom of the 4th over - 0 runs, 1 hit, 0 errors, 1 left on base; Echo Park 0 - Houston 2
TOP OF THE 5TH
Echo Park Lakers batting - Pitching for Houston 1837 BBC : RHP Júlio Gutiérrez
Batting: RHB Komotay Koffie 0-0: Ball
1-0: Ground out 4-3 (Groundball, 4, EV 85.6 MPH)
Batting: LHB Rich Watkins 0-0: Called Strike
0-1: Called Strike
0-2: Strikes out swinging
Batting: RHB Ryoma Yamamoto 0-0: Ball
1-0: Ball
2-0: Foul Ball, location: 2F
2-1: Ball
3-1: Base on Balls
Batting: RHB Phil Gillespie 0-0: Ground out 1-3 (Groundball, 13, EV 86.9 MPH)
Top of the 5th over - 0 runs, 0 hits, 0 errors, 1 left on base; Echo Park 0 - Houston 2
BOTTOM OF THE 5TH
Houston 1837 BBC batting - Pitching for Echo Park Lakers : RHP Nolan Howard
Batting: SHB José Pinto 0-0: Ball
1-0: Ball
2-0: Fly out, F7 (Flyball, 7S, EV 93.1 MPH)
Batting: LHB Ken Gill 0-0: Called Strike
0-1: Ball
1-1: Ball
2-1: Swinging Strike
2-2: Strikes out swinging
Batting: RHB Krystof Melichar 0-0: Ball
1-0: Ball
2-0: Ball
3-0: Called Strike
3-1: Ground out 6-3 (Groundball, 6S, EV 86.2 MPH)
Bottom of the 5th over - 0 runs, 0 hits, 0 errors, 0 left on base; Echo Park 0 - Houston 2
TOP OF THE 6TH
Echo Park Lakers batting - Pitching for Houston 1837 BBC : RHP Júlio Gutiérrez
Batting: RHB Carlos Hernández 0-0: Ball
1-0: Ground out 5-3 (Groundball, 56, EV 76.9 MPH)
Batting: LHB Abraham Koen 0-0: Swinging Strike
0-1: Swinging Strike
0-2: Ball
1-2: Ball
2-2: Ground out 4-3 (Groundball, 4, EV 83.1 MPH)
Batting: LHB Wu-shun Chu 0-0: Called Strike
0-1: Swinging Strike
0-2: Strikes out looking
Top of the 6th over - 0 runs, 0 hits, 0 errors, 0 left on base; Echo Park 0 - Houston 2
BOTTOM OF THE 6TH
Houston 1837 BBC batting - Pitching for Echo Park Lakers : RHP Nolan Howard
Batting: LHB Connor Petty 0-0: Called Strike
0-1: Ball
1-1: Foul Ball, location: 2F
1-2: Ball
2-2: Strikes out looking
Batting: RHB Joey Trifone 0-0: Fly out, F9 (Flyball, 9D, EV 98.8 MPH)
Batting: LHB Javier Seco 0-0: Ball
1-0: SINGLE (Flyball, 78S, EV 92.5 MPH)
Batting: RHB Phil Sherman 0-0: Ball
1-0: Foul Ball, location: 2F
1-1: Ball
2-1: Foul Ball, location: 2F
2-2: Ball
3-2: Ground out 6-3 (Groundball, 6, EV 108.8 MPH)
Bottom of the 6th over - 0 runs, 1 hit, 0 errors, 1 left on base; Echo Park 0 - Houston 2
TOP OF THE 7TH
Echo Park Lakers batting - Pitching for Houston 1837 BBC : RHP Júlio Gutiérrez
Batting: RHB Kyu-cheol Kye 0-0: Swinging Strike
0-1: Ball
1-1: Ball
2-1: Foul Ball, location: 2F
2-2: Strikes out swinging
Batting: LHB Tomás Muinos 0-0: Ball
1-0: Ball
2-0: DOUBLE (Flyball, 78D, EV 86.2 MPH)
Batting: RHB Komotay Koffie 0-0: Ball
1-0: Called Strike
1-1: Swinging Strike
1-2: Ground out 6-3 (Groundball, 6, EV 105.0 MPH)
Batting: LHB Rich Watkins 0-0: Ball
1-0: Ball
2-0: Ball
3-0: Called Strike
3-1: Foul Ball, location: 2F
3-2: Fly out, F8 (Flyball, 8RD, EV 96.2 MPH)
Top of the 7th over - 0 runs, 1 hit, 0 errors, 1 left on base; Echo Park 0 - Houston 2
BOTTOM OF THE 7TH
Houston 1837 BBC batting - Pitching for Echo Park Lakers : RHP Nolan Howard
Batting: LHB Bill Dixon 0-0: Ball
1-0: Swinging Strike
1-1: Ground out U3 (Groundball, 34S, EV 86.2 MPH)
Batting: LHB Seung-soo Ch'ae 0-0: Foul Ball, location: 2F
0-1: Foul Ball, location: 2F
0-2: Ground out 3-1 (Groundball, 34, EV 81.9 MPH)
Batting: SHB José Pinto 0-0: Ball
1-0: Ball
2-0: Foul Ball, location: 2F
2-1: Ball
3-1: Foul Ball, location: 2F
3-2: Ground out 6-3 (Groundball, 6, EV 83.8 MPH)
Bottom of the 7th over - 0 runs, 0 hits, 0 errors, 0 left on base; Echo Park 0 - Houston 2
TOP OF THE 8TH
Echo Park Lakers batting - Pitching for Houston 1837 BBC : RHP Júlio Gutiérrez
Batting: RHB Ryoma Yamamoto 0-0: Called Strike
0-1: Ball
1-1: Ball
2-1: Foul Ball, location: 2F
2-2: DOUBLE (Flyball, 78D, EV 95.0 MPH)
Batting: RHB Phil Gillespie 0-0: Ball
1-0: Fly out, F9 (Flyball, 89S, EV 79.4 MPH)
Batting: RHB Carlos Hernández 0-0: Ball
1-0: Foul Ball, location: 2F
1-1: Ball
2-1: Ball
3-1: Base on Balls
Batting: LHB Abraham Koen 0-0: Ball
1-0: Grounds into double play, 3-6-1 (Groundball, 3D, EV 101.9 MPH)
Top of the 8th over - 0 runs, 1 hit, 0 errors, 1 left on base; Echo Park 0 - Houston 2
BOTTOM OF THE 8TH
Houston 1837 BBC batting - Pitching for Echo Park Lakers : RHP Nolan Howard
Batting: LHB Ken Gill 0-0: Called Strike
0-1: Called Strike
0-2: Ball
1-2: Ball
2-2: Fly out, F8 (Flyball, 89D, EV 95.6 MPH)
Batting: RHB Krystof Melichar 0-0: Ground out 5-3 (Groundball, 56S, EV 68.8 MPH)
Batting: LHB Connor Petty 0-0: Foul Ball, location: 2F
0-1: Foul Ball, location: 2F
0-2: Ball
1-2: Ground out 1-3 (Groundball, P, EV 86.2 MPH)
Bottom of the 8th over - 0 runs, 0 hits, 0 errors, 0 left on base; Echo Park 0 - Houston 2
TOP OF THE 9TH
Echo Park Lakers batting - Pitching for Houston 1837 BBC : RHP Júlio Gutiérrez
Pitching: RHP José Ledezma
Batting: LHB Wu-shun Chu 0-0: SINGLE (Line Drive, 7LS, EV 107.5 MPH)
Batting: RHB Kyu-cheol Kye 0-0: Fly out, F7 (Flyball, 78D, EV 79.4 MPH)
Batting: LHB Tomás Muinos 0-0: Ball
1-0: Called Strike
1-1: Swinging Strike
1-2: Strikes out swinging
Batting: RHB Komotay Koffie 0-0: Ball
1-0: Ball
2-0: Foul Ball, location: 2F
2-1: Ball
3-1: Foul Ball, location: 2F
3-2: Foul Ball, location: 2F
3-2: Foul Ball, location: 2F
3-2: Fly out, F9 (Flyball, 9, EV 90.6 MPH)
Top of the 9th over - 0 runs, 1 hit, 0 errors, 1 left on base; Echo Park 0 - Houston 2
Friday, April 17th, 2020 - OOTP Baseball 20.8 Build 74